 Dungeon Crawl Stone Soup version 0.24-a0-479-g9a978d2894 (webtiles) character file.

Game seed: 2420459117332521407

632963 Inarius the Axe Maniac (level 27, -24/299 HPs)
             Began as a Demonspawn Hunter on July 5, 2019.
             Was a Priest of Makhleb.
             Annihilated by a reaper
             ... wielding a +0 scythe of venom
              (35 damage)
             ... on level 12 of a ziggurat on July 8, 2019.
             The game lasted 03:33:11 (73866 turns).

Inarius the Axe Maniac (Demonspawn Hunter)         Turns: 73866, Time: 03:33:12

Health: -24/299    AC:  8    Str: 28    XL:     27
Magic:  0/14       EV: 11    Int: 10    God:    Makhleb [***...]
Gold:   1548       SH: 23    Dex: 15    Spells: 26/26 levels left

rFire    + + +     SeeInvis +   n - +9 broad axe (antimagic)
rCold    + . .     Gourm    .   L - +0 large shield
rNeg     + + +     Faith    .   p - +1 storm dragon scales "Kovvas" {rElec Regen+ Str+4 Slay+3}
rPois    +         Spirit   +   (helmet unavailable)
rElec    +         Reflect  .   G - scarf {Spirit}
rCorr    .         Harm     .   C - +1 pair of gloves
MR       +++++                  q - +2 pair of boots {run}
Stlth    ..........             v - amulet of Ecka {rF++ rN+ Regen+ Stlth+}
HPRegen  3.39/turn              E - ring of Folymof {*Contam rF+ rC+ rN+ MP+9}
MPRegen  0.14/turn              W - ring of Uckockua {*Slow +Fly rN++ MR+++ Int-3}

@: lethally poisoned (-24 -> -24), corroded, slowed, very slow
A: antennae 3, fangs 1, slimy green scales 3, fire resistance 1, powered by
death 3, robust 3, spiny 3
}: 3/15 runes: serpentine, barnacled, silver
a: Minor Destruction, Lesser Servant of Makhleb, Renounce Religion, Evoke Flight


You were on level 12 of a ziggurat.
You worshipped Makhleb.
Makhleb was most pleased with you.
You were hungry.

You visited 10 branches of the dungeon, and saw 48 of its levels.
You visited the Abyss 2 times.
You visited 1 ziggurat, and saw 12 of its levels.
You also visited: Trove, Ossuary and Wizlab.

You collected 7938 gold pieces.
You spent 6390 gold pieces at shops.

Inventory:

Hand Weapons
 a - a +7 broad axe of electrocution
 n - a +9 antimagic broad axe (weapon)
 t - a +6 vampiric broad axe
Missiles
 I - 93 silver javelins (quivered)
Armour
 g - the +5 plate armour of Subjectivity {rCorr Str+4}
   (You found it on level 3 of the Lair of Beasts)

   It affects your strength (+4).
   It provides partial protection from all sources of acid and corrosion.
 p - the +1 storm dragon scales "Kovvas" (worn) {rElec Regen+ Str+4 Slay+3}
   (You bought it in a shop on level 2 of the Orcish Mines)

   It affects your strength (+4).
   It affects your accuracy and damage with ranged weapons and melee attacks
   (+3).
   It insulates you from electricity.
   It increases your rate of regeneration.
 q - a +2 pair of boots of running (worn)
 C - a +1 pair of gloves (worn)
 G - a scarf of spirit shield (worn)
 L - a +0 large shield (worn)
 M - a +2 cloak of invisibility
Jewellery
 c - the ring of Adujaled {Fire rPois rN++ Str+2 Slay-4}
   (You took it off a vault sentinel on level 5 of the Vaults)

   [ring of fire]

   It enhances your fire magic.
   It affects your strength (+2).
   It affects your accuracy and damage with ranged weapons and melee attacks
   (-4).
   It protects you from fire.
   It makes you vulnerable to cold.
   It protects you from poison.
   It greatly protects you from negative energy.
 i - the ring "Jotuwk" {Wiz rElec rC++ Str+3 Stlth-}
   (You bought it in a shop on level 2 of the Depths)

   [ring of wizardry]

   It improves your spell success rate.
   It affects your strength (+3).
   It greatly protects you from cold.
   It insulates you from electricity.
   It makes you less stealthy.
 s - an uncursed amulet of guardian spirit
 v - the amulet of Ecka (around neck) {rF++ rN+ Regen+ Stlth+}
   (You found it on level 6 of a ziggurat)

   [amulet of regeneration]

   It greatly protects you from fire.
   It protects you from negative energy.
   It increases your rate of regeneration.
   It makes you more stealthy.
 w - the ring "Abruf" {+Inv +Fly Str+3 Dex+5}
   (You found it in a treasure trove)

   [ring of strength]

   It affects your strength (+3).
   It affects your dexterity (+5).
   It lets you turn invisible.
   It lets you fly.
 E - the ring of Folymof (left hand) {*Contam rF+ rC+ rN+ MP+9}
   (You found it on level 4 of the Shoals)

   [ring of protection from fire]

   It protects you from fire.
   It protects you from cold.
   It protects you from negative energy.
   It affects your magic capacity (+9).
   It causes magical contamination when unequipped.
 O - the ring "Imateom" {rN++ AC+3 Stlth+}
   (You found it on level 8 of a ziggurat)

   [ring of protection]

   It affects your AC (+3).
   It greatly protects you from negative energy.
   It makes you more stealthy.
 T - the ring of Ytets {+Inv +Fly rF+ MP+9}
   (You found it in a wizard's laboratory)

   [ring of flight]

   It protects you from fire.
   It affects your magic capacity (+9).
   It lets you turn invisible.
   It lets you fly.
 W - the ring of Uckockua (right hand) {*Slow +Fly rN++ MR+++ Int-3}
   (You found it on level 3 of the Elven Halls)

   [ring of flight]

   It affects your intelligence (-3).
   It greatly protects you from negative energy.
   It affects your resistance to hostile enchantments.
   It lets you fly.
   It may slow you when you take damage.
Wands
 y - a wand of digging (3)
 F - a wand of iceblast (21)
 K - a wand of disintegration (40)
 U - a wand of paralysis (16)
 Z - a wand of acid (9)
Scrolls
 j - 7 scrolls of magic mapping
 m - 13 scrolls of teleportation
 r - 9 scrolls of blinking
 u - 17 scrolls of remove curse
 x - 7 scrolls of fog
 D - 11 scrolls of enchant armour
 H - 5 scrolls of summoning
 R - 16 scrolls of identify
 S - 6 scrolls of fear
 X - a scroll of silence
Potions
 b - 3 potions of resistance
 d - a potion of cancellation
 e - 15 potions of curing
 h - 13 potions of heal wounds
 k - 7 potions of mutation
 l - 9 potions of haste
 o - 8 potions of agility
 A - 5 potions of flight
 J - 3 potions of might
 N - 6 potions of magic
 Q - 2 potions of invisibility
Miscellaneous
 z - 5 phantom mirrors
 B - a lamp of fire
 P - 4 sacks of spiders
 V - 3 boxes of beasts
Comestibles
 f - 69 rations
 Y - 2 chunks of flesh


   Skills:
 + Level 21.6 Fighting
 O Level 27 Axes
   Level 0.7(18.7) Maces & Flails
 + Level 6.6 Throwing
 + Level 16.1 Armour
 + Level 5.5 Dodging
 - Level 0.8 Stealth
 + Level 18.7 Shields
 * Level 9.5 Invocations
 + Level 13.4 Evocations


You had 26 spell levels left.
You didn't know any spells.
Your spell library contained the following spells:

 Spells                   Type           Power        Failure   Level  Hunger
 Corona                   Hex            #......      96%         1    ##.....
 Sandblast                Erth           #.....       96%         1    ##.....
 Ensorcelled Hibernation  Hex/Ice        #.....       99%         2    ###....
 Passwall                 Tmut/Erth      #.......     99%         2    ###....
 Slow                     Hex            #.......     99%         2    ###....
 Confuse                  Hex            #.......     100%        3    ####...
 Dazzling Spray           Conj/Hex       #.....       100%        3    ####...
 Gell's Gravitas          Tloc           #.........   100%        3    ####...
 Inner Flame              Hex/Fire       #.......     100%        3    ####...
 Portal Projectile        Hex/Tloc       #.....       100%        3    ####...
 Recall                   Summ/Tloc      N/A          100%        3    ####...
 Static Discharge         Conj/Air       #.......     100%        3    ####...
 Stone Arrow              Conj/Erth      #.....       100%        3    ####...
 Tukima's Dance           Hex            #.......     100%        3    ####...
 Cause Fear               Hex            #.........   100%        4    #####..
 Force Lance              Conj/Tloc      #.......     100%        4    #####..
 Leda's Liquefaction      Hex/Erth       #.........   100%        4    #####..
 Petrify                  Tmut/Erth      #.......     100%        4    #####..
 Bolt of Magma            Conj/Fire/Erth #.........   100%        5    ######.
 Iskenderun's Battlesphe  Conj/Chrm      #.......     100%        5    ######.
 Lee's Rapid Deconstruct  Erth           #.........   100%        5    ######.
 Lightning Bolt           Conj/Air       #.........   100%        5    ######.
 Venom Bolt               Conj/Pois      #.........   100%        5    ######.
 Deflect Missiles         Chrm/Air       #.........   100%        6    #######
 Dispersal                Tloc           #.........   100%        6    #######
 Freezing Cloud           Conj/Ice/Air   #.........   100%        6    #######
 Iron Shot                Conj/Erth      #.........   100%        6    #######
 Orb of Destruction       Conj           #.........   100%        7    #######
 Spellforged Servitor     Conj/Summ      #.........   100%        7    #######
 Controlled Blink         Tloc           N/A          100%        8    #######
 Disjunction              Tloc           #.........   100%        8    #######
 Ignition                 Fire           #.........   100%        8    #######
 Shatter                  Erth           #.........   100%        9    #######
 Tornado                  Air            #.........   100%        9    #######


Dungeon Overview and Level Annotations

Branches:
Dungeon (15/15)            Temple (1/1) D:5            Lair (6/6) D:8
 Shoals (4/4) Lair:4        Snake (4/4) Lair:3        Slime (0/5) Lair:5
    Orc (2/2) D:11            Elf (3/3) Orc:2        Vaults (5/5) D:13
  Crypt (3/3) Vaults:2       Tomb (0/3) Crypt:3      Depths (5/5) D:15
    Zot (0/5) Depths:5

Altars:
Ashenzari
Dithmenos
Elyvilon
Gozag
Hepliaklqana
Kikubaaqudgha
Makhleb
Nemelex Xobeh
Trog
Uskayaw
Vehumet
Wu Jian
Xom
Yredelemnul
Jiyva
Lugonu

Shops:
D:7 [   D:11 *   D:14 *   Orc:2 *!}%[   Elf:1 (   Snake:1 *   Vaults:4 (
Depths:2 }==

Portals:
Hell: Depths:1 Depths:2 Depths:3 Depths:4 Depths:5
Abyss: Depths:2 Depths:4 Depths:5
Pandemonium: Depths:1 Depths:3


Innate Abilities, Weirdness & Mutations

You have a pair of large antennae on your head. (SInv)
You are completely covered in slimy green scales. (AC +4, rPois)
You regenerate a lot of health from kills.
You are extremely robust. (+30% HP)
You are completely covered in sharp spines.
You have very sharp teeth.
Your flesh is heat resistant. (rF+)


Message History

Unknown command.
You feel much better.
You feel sick. The rust devil hits you.
* * * LOW HITPOINT WARNING * * *
The rust devil corrodes you! You block the war gargoyle's attack.
You block the red devil's attack. You block the rust devil's attack.
You block the tengu reaver zombie's attack.
The tengu reaver zombie pecks you but does no damage.
The tengu reaver zombie claws you but does no damage.
The golden dragon zombie bites you but does no damage.
The golden dragon zombie claws you.
* * * LOW HITPOINT WARNING * * *
The golden dragon zombie tramples you.
* * * LOW HITPOINT WARNING * * *
The iron giant is struck by your spines.
The iron giant hits you with a +0 giant spiked club!
* * * LOW HITPOINT WARNING * * *
The rust devil hits you. The rust devil corrodes you!
The reaper shouts, "You must die NOW!"
The reaper hits you from afar with a +0 scythe of venom!!
You die...

▓.........▓
▓▓.........▓▓▓▓▓▓▓
.................▓
.................▓
.................▓
.....§...........▓
....Z24Z§§......∩▓
....2Z4Z4§.......▓
....§5Z@9........▓
......C†.........▓
.................▓
▓▓.........▓▓▓▓▓▓▓
▓.........▓
▓.........▓
▓▓▓▓▓▓▓▓▓▓▓


You could see an iron giant, a reaper, a war gargoyle, 2 rust devils, a red
devil, an iron imp, 2 golden dragon zombies, a titan zombie and a tengu reaver
zombie.

Vanquished Creatures
  3 ancient liches
  Mara (Crypt:3)
  2 juggernauts
  3 greater mummies
  Frederick (Crypt:1)
  Boris (Crypt:1)
  Bai Suzhen (Vaults:4)
  Margery (Vaults:3)
  Saint Roka (Snake:4)
  A caustic shrike (Depths:3)
  A profane servitor (Crypt:3)
  2 golden dragons
  A Hellbinder (WizLab)
  Jory (Vaults:3)
  2 bone dragons
  Jorgrun (Snake:1)
  6 tentacled monstrosities
  Rupert (D:14)
  A Hell Sentinel (Zig:12)
  Asterion (Snake:3)
  The ghost of Xiokeij the Stormcaller, an adept TeAE of Vehumet (Snake:1)
  8 liches
  4 deep elf blademasters (Elf:3)
  2 deep elf master archers (Elf:3)
  5 titans (Vaults:5)
  2 acid blobs (Zig:7)
  2 ancient champions (Zig:6)
  2 thorn hunters
  5 shadow dragons (Vaults:5)
  11 sphinxes
  Gastronok (Lair:1)
  Kirke (Snake:3)
  5 storm dragons
  Ilsuiw (Shoals:2)
  8 nagarajas
  2 azure jellies (Depths:5)
  9 tengu reavers
  2 revenants
  3 iron dragons
  7 fire giants
  4 ghost moths (Zig:8)
  14 frost giants
  A draconian knight (Depths:5)
  A corrupter (Zig:1)
  14 vault wardens
  A cacodemon (WizLab)
  2 balrugs
  Aizul (Crypt:1)
  6 deep elf sorcerers
  A draconian shifter (Depths:5)
  4 curse skulls
  10 ghouls
  16 ironheart preservers
  6 deep elf elementalists (Elf:3)
  A reaper (Zig:12)
  A caustic shrike skeleton (Crypt:2)
  36 stone giants
  23 very ugly things
  3 war gargoyles (Vaults:5)
  5 vampire knights
  7 deep elf annihilators
  3 entropy weavers
  2 black draconians (Depths:5)
  2 green draconians (Depths:5)
  A dire elephant (Lair:6)
  A black sun (WizLab)
  7 deep elf demonologists
  Nessos (D:12)
  A red draconian (Depths:5)
  2 lorocyprocas (WizLab)
  4 spark wasps
  A yellow draconian (Depths:4)
  2 white draconians (Depths:5)
  5 deep elf death magi
  7 eidola (Crypt:3)
  7 mummy priests
  7 merfolk javelineers
  5 green deaths
  3 blizzard demons
  A crystal guardian (Vaults:3)
  9 merfolk impalers
  Snorg (Lair:3)
  12 fire dragons
  The ghost of Libuhoy the Arsonist, a journeyman DEFE of Vehumet (Lair:4)
  16 jiangshi
  Josephine (D:13)
  19 ettins
  14 yaktaur captains
  6 deep elf high priests
  A great orb of eyes (shapeshifter) (Vaults:5)
  Harold (Lair:1)
  Erolcha (Orc:2)
  8 hydras
  14 ice dragons
  9 great orbs of eyes
  4 rakshasas
  A hell beast (WizLab)
  2 catoblepae
  16 naga warriors
  32 vault guards
  An alligator snapping turtle (Shoals:4)
  10 death knights
  2 merfolk aquamancers
  A hydra (shapeshifter) (Vaults:5)
  3 ghost crabs (Zig:9)
  12 centaur warriors
  9 anacondas
  2 shambling mangroves
  5 spriggan air magi
  An alligator (Zig:9)
  A satyr (Shoals:4)
  2 merfolk avatars
  A queen ant (Lair:4)
  52 two-headed ogres
  A satyr (shapeshifter) (Depths:2)
  A death scarab (Zig:10)
  28 dancing weapons
  A catoblepas (shapeshifter) (Depths:2)
  5 tengu warriors
  17 ogre magi
  8 deep troll earth magi
  11 deep troll shamans
  13 naga sharpshooters
  6 thrashing horrors (Abyss:4)
  2 titan zombies (Crypt:3)
  5 orc high priests
  5 shock serpents
  Urug (Lair:1)
  7 vampire magi
  10 spriggan berserkers
  2 soul eaters
  2 storm dragon zombies
  4 salamander mystics
  2 sun demons (Depths:2)
  22 deep elf knights
  4 hell knights
  4 iron trolls
  4 shadow wraiths
  22 sea snakes
  29 skeletal warriors
  A golden dragon zombie (Crypt:1)
  9 unseen horrors
  A shadow demon (WizLab)
  28 deep trolls
  An anaconda zombie (Crypt:3)
  2 spriggan druids
  15 ironbrand convokers
  10 naga ritualists
  A swamp dragon (shapeshifter) (Vaults:2)
  5 glowing orange brains
  9 flayed ghosts
  An obsidian statue (Snake:1)
  19 deep elf archers
  4 swamp dragons
  Pikel (D:5)
  9 harpies
  2 iron dragon zombies
  3 wizards
  A harpy (shapeshifter) (Vaults:2)
  3 necromancers (Vaults:3)
  A golden dragon skeleton (Crypt:1)
  28 phantasmal warriors
  A shining eye (Zig:7)
  2 orb spiders (Zig:8)
  2 stone giant zombies (Crypt:3)
  7 orc sorcerers
  81 deep elf magi
  4 frost giant zombies
  20 mana vipers
  12 fauns
  7 orc knights
  6 wolf spiders
  71 ugly things
  A moth of wrath (Zig:8)
  13 cyclopes
  15 manticores
  15 salamanders
  2 guardian serpents (Snake:2)
  2 centaur zombies (D:15)
  39 black mambas
  11 merfolk sirens
  6 rust devils
  2 ice statues (Depths:5)
  10 water nymphs
  32 naga magi
  14 vault sentinels
  3 guardian serpents (shapeshifter)
  9 elephants
  A torpor snail (Zig:8)
  2 orange demons (WizLab)
  5 eyes of devastation (Depths:1)
  6 smoke demons
  A gargoyle (D:12)
  A pale draconian zombie (Crypt:1)
  3 centaur skeletons
  A storm dragon simulacrum (D:14)
  14 spiny frogs
  A hellion (Abyss:4)
  5 rime drakes
  20 freezing wraiths
  A red draconian zombie (Crypt:1)
  2 demonic crawlers (Zig:8)
  2 tormentors
  A kobold demonologist (D:13)
  8 komodo dragons
  2 hydra zombies (Crypt:3)
  56 yaktaurs
  4 hellwings
  32 merfolk
  4 red devils
  7 ice devils
  An ancient zyme (Abyss:2)
  2 tengu conjurers
  A catoblepas skeleton (Abyss:4)
  8 trolls
  3 guardian mummies (Zig:10)
  3 jumping spiders
  4 polar bears
  18 wind drakes
  2 meliai (shapeshifter)
  2 large abominations (Abyss:2)
  A harpy skeleton (D:14)
  A hornet (shapeshifter) (Vaults:4)
  2 tyrant leeches
  A wind drake (shapeshifter) (Vaults:4)
  33 slime creatures
  10 hippogriffs
  A hydra skeleton (Crypt:2)
  19 blink frogs
  16 dream sheep
  2 meliai zombies
  13 snapping turtles
  12 hornets
  An alligator zombie (Crypt:3)
  An ice dragon zombie (Crypt:3)
  A frost giant simulacrum (Zig:10)
  2 ettin zombies (Crypt:3)
  2 bog bodies
  3 flying skulls
  19 water elementals
  An air elemental (Abyss:4)
  15 wraiths
  A redback (shapeshifter) (Vaults:5)
  4 shadows
  3 ynoxinuls
  6 redbacks
  6 wyverns
  4 fire elementals
  36 yaks
  A fire bat (Abyss:4)
  A human (D:10)
  2 ushabtiu
  A hungry ghost (D:13)
  4 golden eyes
  6 hogs (Snake:3)
  A steam dragon (Lair:3)
  2 basilisks
  10 vampire mosquitoes
  3 chaos spawn
  2 neqoxecs (WizLab)
  3 insubstantial wisps
  An infernal demonspawn zombie (Crypt:2)
  10 soldier ants
  8 wargs
  2 harpy simulacra (Depths:5)
  52 nagas
  A torturous demonspawn zombie (Crypt:1)
  A spatial vortex (Abyss:4)
  A two-headed ogre zombie (Crypt:2)
  Edmund (D:6)
  A tengu zombie (Zig:3)
  16 water moccasins
  2 acid dragons
  3 floating eyes
  A gelid demonspawn skeleton (Crypt:1)
  2 hell hounds
  46 orc warriors
  18 porcupines
  6 swamp drakes
  3 phantoms
  Duvessa (D:6)
  7 ice beasts
  A slave (D:5)
  4 black bears
  3 eyes of draining
  2 snapping turtle zombies (Crypt:3)
  A fire dragon simulacrum (Depths:5)
  37 ogres
  2 boggarts (Vaults:2)
  A sky beast (D:11)
  2 small abominations (Abyss:2)
  18 necrophages
  26 centaurs
  An elephant skeleton (Crypt:1)
  16 crocodiles
  3 big kobolds
  19 bullfrogs
  A yaktaur zombie (Crypt:2)
  Dowan (D:6)
  2 earth elementals
  A wyvern zombie (D:12)
  12 wyvern skeletons
  A scorpion (D:9)
  A human simulacrum (Vaults:3)
  A spriggan zombie (Crypt:2)
  2 elephant simulacra (Depths:5)
  10 killer bees
  8 wights (D:13)
  A yak skeleton (Crypt:2)
  9 electric eels
  3 vampire bats
  A wolf zombie (Crypt:2)
  6 crimson imps
  A bullfrog zombie (D:7)
  14 starcursed masses
  5 bullfrog skeletons
  5 hounds
  A jelly (D:7)
  32 orc priests
  Crazy Yiuf (D:7)
  A gnoll shaman (D:7)
  2 iguanas (D:14)
  41 orc wizards
  28 worker ants
  3 troll simulacra (Depths:5)
  An acid dragon skeleton (Crypt:1)
  A hound zombie (D:5)
  6 mummies
  4 gnolls (D:7)
  A worker ant zombie (D:11)
  13 adders
  A steam dragon skeleton (Crypt:2)
  A swamp drake skeleton (Crypt:2)
  9 shadow imps
  An ufetubus (Abyss:2)
  2 adder skeletons
  A worm (shapeshifter) (Vaults:5)
  4 worms
  3 ball lightnings (Snake:1)
  3 dart slugs
  7 leopard geckos
  129 orcs
  7 ball pythons
  6 giant cockroaches
  4 goblins
  7 hobgoblins
  14 jackals
  3 quokkas
  15 bats
  A dart slug zombie (Crypt:1)
  9 frilled lizards
  6 gnoll skeletons (Ossuary)
  26 kobolds
  9 kobold skeletons (Ossuary)
  A kobold zombie (Crypt:3)
  10 orc skeletons (Ossuary)
  A quokka skeleton (D:4)
  7 rats
  2 briar patches (Zig:5)
  A bush (D:3)
  3 butterflies (Abyss:4)
  4 crawling corpses
  5 fungi
  4 plants
  2 tentacles (Shoals:3)
  7 withered plants (Crypt:3)
2688 creatures vanquished.

Vanquished Creatures (collateral kills)
  A spark wasp (Depths:4)
  A merfolk avatar (Shoals:3)
  4 two-headed ogres (D:15)
  A wizard (D:14)
  An ugly thing (D:15)
  A merfolk (Shoals:4)
  An ogre (D:15)
10 creatures vanquished.

Vanquished Creatures (others)
  A lich (Depths:5)
  A fire giant (Depths:4)
  A vault guard (Vaults:5)
  2 hydras
  A shambling mangrove (Zig:9)
  A shadow wraith (Vaults:4)
  A swamp dragon (Zig:9)
  An ugly thing (D:15)
  A black mamba (Snake:1)
  A vault sentinel (Vaults:2)
  A yaktaur (Vaults:4)
  A spiny frog (Zig:9)
  A bog body (Zig:11)
  A slave (D:6)
  A naga (Snake:3)
  An insubstantial wisp (Zig:9)
  An ice beast (D:6)
  2 orc warriors (Snake:4)
  A swamp drake (Zig:9)
  A boggart (Vaults:2)
  A bullfrog (D:11)
  A bullfrog skeleton (D:6)
  A worker ant (D:6)
  6 ball lightnings (Snake:1)
  2 orcs (Orc:1)
  A bat (Abyss:4)
  3 briar patches
  9 fungi
  7 plants (Lair:6)
  3 tentacles (Shoals:3)
  5 withered plants (Crypt:3)
61 creatures vanquished.

Grand Total: 2759 creatures vanquished

Notes
Turn   | Place    | Note
-------+----------+-------------------------------------------
     0 | D:1      | Inarius the Demonspawn Hunter began the quest for the Orb.
     0 | D:1      | Reached XP level 1. HP: 16/16 MP: 1/1
   229 | D:1      | Gained mutation: You have a pair of small antennae on your
                  | head. [demonic ancestry]
   229 | D:1      | Reached XP level 2. HP: 12/23 MP: 2/2
  1030 | D:2      | Reached XP level 3. HP: 22/29 MP: 3/3
  1144 | D:2      | Gained mutation: You have very sharp teeth. [potion of
                  | mutation]
  1144 | D:2      | Gained mutation: Your flesh is heat resistant. (rF+)
                  | [potion of mutation]
  1350 | D:2      | Reached skill level 1 in Armour
  1792 | D:2      | Gained mutation: You are partially covered in slimy green
                  | scales. (AC +2) [demonic ancestry]
  1792 | D:2      | Reached XP level 4. HP: 36/36 MP: 4/4
  2418 | D:3      | Reached skill level 1 in Axes
  2596 | D:3      | Noticed an ogre
  2619 | D:3      | Killed an ogre
  2619 | D:3      | Reached skill level 2 in Axes
  2619 | D:3      | Gained mutation: You have a pair of antennae on your head.
                  | [demonic ancestry]
  2619 | D:3      | Reached XP level 5. HP: 42/42 MP: 5/5
  3393 | D:4      | Reached skill level 3 in Axes
  3570 | D:4      | Reached XP level 6. HP: 30/48 MP: 6/6
  3880 | D:4      | Reached skill level 4 in Axes
  4413 | D:4      | Gained mutation: You are mostly covered in slimy green
                  | scales. (AC +3) [demonic ancestry]
  4413 | D:4      | Reached XP level 7. HP: 35/53 MP: 7/7
  4704 | D:5      | Entered Level 5 of the Dungeon
  4915 | D:5      | Found a burning altar of Makhleb.
  4924 | D:5      | Reached skill level 5 in Axes
  5393 | D:5      | Found a staircase to the Ecumenical Temple.
  5611 | Temple   | Entered the Ecumenical Temple
  5620 | Temple   | Became a worshipper of Trog the Wrathful
  5700 | D:6      | Noticed Pikel
  5728 | D:5      | Killed Pikel
  5728 | D:5      | Reached skill level 6 in Axes
  5728 | D:5      | Reached XP level 8. HP: 28/61 MP: 8/8
  5907 | D:6      | Found a sand-covered staircase.
  5918 | Ossuary  | Entered an ossuary
  6052 | Ossuary  | Reached skill level 7 in Axes
  6127 | Ossuary  | Reached * piety under Trog
  6523 | D:6      | Noticed Edmund
  6535 | D:6      | Killed Edmund
  6547 | D:6      | Found an ornate altar of the Wu Jian Council.
  6748 | D:6      | Noticed Duvessa
  6748 | D:6      | Noticed Dowan
  6760 | D:6      | Killed Duvessa
  6760 | D:6      | Reached skill level 5 in Fighting
  6760 | D:6      | Reached skill level 8 in Axes
  6760 | D:6      | Reached skill level 1 in Evocations
  6761 | D:6      | Killed Dowan
  6922 | D:6      | Reached ** piety under Trog
  6979 | D:5      | Reached XP level 9. HP: 67/67 MP: 9/9
  7303 | D:7      | Found a shimmering altar of Xom.
  7341 | D:7      | Reached skill level 9 in Axes
  7496 | D:7      | Found Tiucwomi's Armour Emporium.
  7635 | D:7      | Found a runed translucent door.
  7636 | D:7      | Noticed Crazy Yiuf
  7647 | D:7      | Killed Crazy Yiuf
  7961 | D:8      | Found a staircase to the Lair.
  8328 | D:8      | Reached skill level 10 in Axes
  8448 | D:8      | Identified Xumo's Tome of Dusty Boosts
  8739 | D:9      | Reached skill level 5 in Armour
  8763 | D:9      | Reached *** piety under Trog
  8917 | D:9      | Noticed a troll
  8932 | D:9      | Killed a troll
  8932 | D:9      | Reached XP level 10. HP: 50/75 MP: 12/12
  9428 | D:10     | Entered Level 10 of the Dungeon
 10047 | D:10     | Noticed a deep elf mage
 10049 | D:10     | Killed a deep elf mage
 10067 | D:10     | Reached skill level 11 in Axes
 10573 | D:11     | Noticed a manticore
 10584 | D:11     | Killed a manticore
 11150 | D:11     | Reached **** piety under Trog
 11156 | D:11     | Gained mutation: You are partially covered in sharp spines.
                  | [demonic ancestry]
 11156 | D:11     | Reached XP level 11. HP: 48/82 MP: 14/14
 11352 | D:11     | Found a staircase to the Orcish Mines.
 11475 | D:11     | Reached skill level 12 in Axes
 11644 | D:11     | Reached skill level 5 in Evocations
 12192 | D:11     | Found Fodug's Assorted Antiques.
 12197 | D:11     | Noticed a purple ugly thing
 12205 | D:11     | Killed a purple ugly thing
 12372 | D:11     | Bought a potion of heal wounds for 90 gold pieces
 12372 | D:11     | Bought a forked iron wand for 72 gold pieces
 12372 | D:11     | Bought a golden potion for 16 gold pieces
 12384 | D:11     | Reached ***** piety under Trog
 12499 | D:11     | Noticed a four-headed hydra
 12520 | D:11     | Killed a four-headed hydra
 13537 | Lair:1   | Entered Level 1 of the Lair of Beasts
 13668 | Lair:1   | Reached skill level 13 in Axes
 14500 | Lair:1   | Noticed Urug
 14517 | Lair:1   | Killed Urug
 14517 | Lair:1   | Gained mutation: You regenerate a little health from kills.
                  | [demonic ancestry]
 14517 | Lair:1   | Reached XP level 12. HP: 86/92 MP: 16/16
 14614 | Lair:1   | Noticed Gastronok
 14635 | Lair:1   | Killed Gastronok
 14976 | Lair:1   | Noticed Harold
 14988 | Lair:1   | Killed Harold
 15348 | Lair:2   | Received a gift from Trog
 15444 | Lair:2   | Reached skill level 14 in Axes
 16452 | Lair:3   | Found a staircase to the Snake Pit.
 16739 | Lair:3   | Noticed Snorg
 16746 | Lair:3   | Killed Snorg
 17203 | Lair:3   | Identified the +5 plate armour of Subjectivity {rCorr
                  | Str+4} (You found it on level 3 of the Lair of Beasts)
 17563 | Lair:4   | Noticed an entropy weaver
 17563 | Lair:4   | Noticed a queen ant
 18117 | Lair:4   | Reached XP level 13. HP: 79/99 MP: 6/18
 18142 | Lair:4   | Noticed an entropy weaver
 18148 | Lair:4   | Killed an entropy weaver
 18523 | Lair:4   | Reached skill level 15 in Axes
 18565 | Lair:4   | Found a staircase to the Shoals.
 18864 | Lair:4   | Found a runed translucent door.
 18864 | Lair:4   | Noticed Libuhoy's ghost (journeyman DEFE)
 18902 | Lair:4   | Killed Libuhoy's ghost
 18971 | Lair:4   | Received a gift from Trog
 19298 | Lair:5   | Found a sparkling altar of Nemelex Xobeh.
 19806 | Lair:5   | You fall into a shaft and drop 1 floor!
 19806 | Lair:6   | Entered Level 6 of the Lair of Beasts
 20566 | Lair:5   | Found a staircase to the Slime Pits.
 20567 | Lair:5   | Found a viscous altar of Jiyva.
 21273 | Lair:6   | Reached skill level 16 in Axes
 21760 | Lair:6   | Paralysed by a hornet for 3 turns
 21811 | Lair:6   | Noticed a dire elephant
 21851 | Lair:6   | Killed a dire elephant
 22257 | Lair:6   | Reached XP level 14. HP: 108/108 MP: 20/20
 22819 | Orc:1    | Entered Level 1 of the Orcish Mines
 22926 | Orc:2    | Entered Level 2 of the Orcish Mines
 22979 | Orc:1    | Noticed Erolcha
 22983 | Orc:2    | Paralysed by an orc sorcerer for 7 turns
 22992 | Orc:2    | Reached ****** piety under Trog
 22997 | Orc:2    | HP: 5/108 [orc warrior/+2 vampiric scimitar (10)]
 23324 | Orc:2    | Found a staircase to the Elven Halls.
 24394 | Orc:2    | Killed Erolcha
 24901 | Orc:2    | Received a gift from Trog
 26446 | Orc:2    | Received a gift from Trog
 26470 | Orc:2    | Found Tafa's General Store.
 26486 | Orc:2    | Bought a scroll of teleportation for 54 gold pieces
 26486 | Orc:2    | Bought a scroll of identify for 36 gold pieces
 26486 | Orc:2    | Bought a scroll of identify for 36 gold pieces
 26540 | Orc:2    | Paralysed by an orc sorcerer for 2 turns
 26826 | Orc:2    | Found Ocloiss's Antique Armour Shop.
 26826 | Orc:2    | Found Ditiz's Food Shop.
 26827 | Orc:2    | Found Raope's Distillery.
 26832 | Orc:2    | Found Quorph Qikh's Gadget Boutique.
 26841 | Orc:2    | Bought a pair of embroidered boots for 240 gold pieces
 26841 | Orc:2    | Bought a shiny buckler for 240 gold pieces
 26841 | Orc:2    | Bought a glowing hat for 224 gold pieces
 26841 | Orc:2    | Bought a glowing cloak for 240 gold pieces
 26878 | Orc:2    | Identified a +2 pair of boots of running (You bought it in
                  | a shop on level 2 of the Orcish Mines)
 26885 | Orc:2    | Bought a potion of haste for 140 gold pieces
 26885 | Orc:2    | Bought a potion of resistance for 140 gold pieces
 26885 | Orc:2    | Bought a potion of curing for 42 gold pieces
 27466 | D:12     | Noticed Nessos
 27475 | D:12     | Killed Nessos
 27482 | D:12     | Found a shadowy altar of Dithmenos.
 27566 | D:12     | Reached skill level 1 in Shields
 28234 | D:13     | Reached skill level 17 in Axes
 28526 | D:13     | Noticed Josephine
 28538 | D:13     | Reached skill level 10 in Fighting
 28630 | D:13     | Killed Josephine
 28631 | D:13     | Reached skill level 10 in Evocations
 28801 | D:13     | Found a gate to the Vaults.
 29008 | D:14     | Found Heytu's Assorted Antiques.
 29235 | D:14     | Gained mutation: You are robust. (+10% HP) [demonic
                  | ancestry]
 29235 | D:14     | Reached XP level 15. HP: 86/126 MP: 18/22
 29248 | D:14     | Bought a pair of embroidered gloves for 217 gold pieces
 29410 | D:14     | Found a shadowy altar of Dithmenos.
 29420 | D:14     | Noticed Rupert
 29444 | D:14     | Killed Rupert
 29841 | D:14     | Reached skill level 5 in Throwing
 29948 | D:14     | Received a gift from Trog
 30005 | D:15     | Entered Level 15 of the Dungeon
 30495 | D:15     | Found a staircase to the Depths.
 30495 | D:15     | Noticed a frost giant
 30502 | D:15     | Killed a frost giant
 30874 | D:15     | Reached skill level 10 in Armour
 31758 | Shoals:1 | Entered Level 1 of the Shoals
 32183 | Shoals:1 | Received a gift from Trog
 32183 | Shoals:1 | Reached skill level 18 in Axes
 32814 | Shoals:1 | Received a gift from Trog
 33256 | Shoals:2 | Gained mutation: You have a pair of large antennae on your
                  | head. (SInv) [demonic ancestry]
 33256 | Shoals:2 | Reached XP level 16. HP: 136/137 MP: 24/24
 33596 | Shoals:2 | Reached skill level 5 in Shields
 33932 | Shoals:2 | Noticed Ilsuiw
 33999 | Shoals:2 | Killed Ilsuiw
 34329 | Shoals:2 | Received a gift from Trog
 36010 | Shoals:3 | Noticed a kraken
 36693 | Shoals:4 | Entered Level 4 of the Shoals
 36733 | Shoals:4 | Received a gift from Trog
 37319 | Shoals:4 | Found the +8 trident of the Octopus King {venom, rElec
                  | rPois MR+}
 37717 | Shoals:4 | Received a gift from Trog
 38976 | Shoals:4 | Gained mutation: You regenerate health from kills. [demonic
                  | ancestry]
 38976 | Shoals:4 | Reached XP level 17. HP: 98/146 MP: 17/25
 39039 | Shoals:4 | Got a barnacled rune of Zot
 39379 | Shoals:4 | Identified the Collected Works on Captivating Talismans
 39519 | Shoals:4 | Received a gift from Trog
 39523 | Shoals:4 | Got a wavering platinum ring
 39527 | Shoals:4 | Identified the ring of Folymof {*Contam rF+ rC+ rN+ MP+9}
                  | (You found it on level 4 of the Shoals)
 39777 | Snake:1  | Entered Level 1 of the Snake Pit
 39777 | Snake:1  | Noticed Jorgrun
 39794 | Snake:1  | Killed Jorgrun
 40510 | Snake:1  | Found a runed translucent gate.
 40510 | Snake:1  | Found a runed translucent gate.
 40510 | Snake:1  | Found a runed translucent gate.
 40513 | Snake:1  | Noticed Xiokeij's ghost (adept TeAE)
 40514 | Snake:1  | Found an opulent altar of Gozag.
 40515 | Snake:1  | Found Qogomoov's Assorted Antiques.
 40751 | Snake:1  | Killed Xiokeij's ghost
 40751 | Snake:1  | Reached skill level 19 in Axes
 41012 | Snake:1  | Bought a scroll of teleportation for 75 gold pieces
 41113 | Snake:2  | Received a gift from Trog
 42457 | Snake:3  | Received a gift from Trog
 42470 | Snake:3  | Noticed Asterion
 42484 | Snake:3  | Killed Asterion
 42630 | Snake:3  | Noticed Kirke
 42647 | Snake:3  | Killed Kirke
 42925 | Snake:3  | Gained mutation: You are very robust. (+20% HP) [demonic
                  | ancestry]
 42925 | Snake:3  | Reached XP level 18. HP: 150/171 MP: 27/27
 43401 | Snake:4  | Entered Level 4 of the Snake Pit
 43428 | Snake:4  | Received a gift from Trog
 43531 | Snake:4  | Noticed Saint Roka
 43582 | Snake:4  | Killed Saint Roka
 43652 | Snake:4  | Received a gift from Trog
 44333 | Snake:3  | Reached skill level 20 in Axes
 44393 | Snake:4  | Received a gift from Trog
 44682 | Snake:4  | Got a serpentine rune of Zot
 44719 | Snake:4  | Received a gift from Trog
 44736 | Snake:4  | Identified a scroll of acquirement
 44740 | Snake:4  | Got a shimmering chain mail
 44741 | Snake:4  | Identified the +8 chain mail of Quantum Leap {*Drain rN+
                  | Str+4} (You acquired it on level 4 of the Snake Pit)
 45763 | Vaults:1 | Entered Level 1 of the Vaults
 46065 | Vaults:1 | Reached XP level 19. HP: 179/182 MP: 28/28
 46090 | Vaults:1 | Received a gift from Trog
 46371 | Vaults:1 | Received a gift from Trog
 47245 | Vaults:2 | Received a gift from Trog
 47796 | Vaults:2 | Cast into level 2 of the Abyss (a wizard)
 47853 | Abyss:2  | Reached skill level 10 in Shields
 47864 | Abyss:2  | Paralysed by accursed screaming for 1 turns
 47873 | Abyss:2  | Paralysed by accursed screaming for 1 turns
 47915 | Vaults:2 | Escaped the Abyss
 48168 | Vaults:2 | Reached skill level 21 in Axes
 48257 | Vaults:2 | Received a gift from Trog
 48267 | Vaults:2 | Reached skill level 15 in Fighting
 48670 | Vaults:2 | Found a staircase to the Crypt.
 48670 | Vaults:2 | Found an ancient bone altar of Kikubaaqudgha.
 48671 | Vaults:2 | Found a basalt altar of Yredelemnul.
 48734 | Vaults:2 | Cast into level 4 of the Abyss (a lich)
 48762 | Abyss:4  | Paralysed by accursed screaming for 1 turns
 48911 | Vaults:2 | Escaped the Abyss
 48969 | Vaults:2 | Received a gift from Trog
 48969 | Vaults:2 | Gained mutation: You are completely covered in slimy green
                  | scales. (AC +4, rPois) [demonic ancestry]
 48969 | Vaults:2 | Reached XP level 20. HP: 184/194 MP: 23/29
 48977 | Vaults:2 | Identified the +7 broad axe "Voz Cuec" {drain, rElec rC+}
                  | (Trog gifted it to you on level 2 of the Vaults)
 49310 | Vaults:3 | Noticed Margery
 49333 | Vaults:3 | Killed Margery
 49569 | Vaults:3 | Received a gift from Trog
 49802 | Vaults:3 | Found a shadowy altar of Dithmenos.
 49841 | Vaults:3 | Noticed Jory
 49883 | Vaults:3 | Killed Jory
 50159 | Vaults:3 | Received a gift from Trog
 50480 | Vaults:3 | Reached skill level 22 in Axes
 50749 | Vaults:4 | Found Koibi's Weapon Shoppe.
 51063 | Vaults:4 | Gained mutation: You are extremely robust. (+30% HP)
                  | [demonic ancestry]
 51063 | Vaults:4 | Reached XP level 21. HP: 186/223 MP: 30/30
 51275 | Vaults:4 | Received a gift from Trog
 51684 | Vaults:4 | Noticed Bai Suzhen
 51698 | Vaults:4 | Killed Bai Suzhen
 52213 | Elf:1    | Entered Level 1 of the Elven Halls
 52573 | Elf:1    | Received a gift from Trog
 52593 | Elf:1    | Received a gift from Trog
 53194 | Elf:1    | Found Neile's Antique Weapon Shop.
 53299 | Elf:2    | Received a gift from Trog
 53855 | Elf:2    | Found a radiant altar of Vehumet.
 53913 | Elf:2    | Found a runed translucent gate.
 53913 | Elf:2    | Found a runed translucent gate.
 53913 | Elf:2    | Found a runed translucent gate.
 54031 | Elf:3    | Entered Level 3 of the Elven Halls
 54035 | Elf:2    | Upgraded the game from 0.24-a0-475-g5b41c6f198 to
                  | 0.24-a0-479-g9a978d2894
 54267 | Depths:1 | Entered Level 1 of the Depths
 54372 | Depths:1 | Found a gateway to Hell.
 54908 | Depths:1 | Paralysed by a floating eye for 2 turns
 54982 | Depths:1 | Paralysed by a great orb of eyes for 7 turns
 54999 | Depths:1 | Got a brightly glowing morningstar
 55028 | Depths:1 | Paralysed by a floating eye for 2 turns
 55043 | Depths:1 | Identified the +10 morningstar of Evisceration {venom,
                  | +Blink Str-4 Int+10} (You found it on level 1 of the
                  | Depths)
 55144 | Depths:1 | Received a gift from Trog
 55373 | Depths:1 | Found a portal to a secret trove of treasure.
 55759 | Orc:2    | Bought a potion of resistance for 180 gold pieces
 56064 | Depths:1 | You paid a toll of 4 potions of resistance to enter a
                  | treasure trove
 56065 | Trove    | Entered a treasure trove
 56104 | Trove    | Got a transparent zirconium amulet
 56106 | Trove    | Got a shimmering golden ring
 56155 | Depths:1 | Identified the amulet of Kairutui {Acrobat rF+ rN+ Int-3}
                  | (You found it in a treasure trove)
 56156 | Depths:1 | Identified the ring "Abruf" {+Inv +Fly Str+3 Dex+5} (You
                  | found it in a treasure trove)
 56275 | Depths:1 | Found a one-way gate leading to the halls of Pandemonium.
 56524 | Depths:2 | Reached skill level 23 in Axes
 56545 | Depths:2 | Reached XP level 22. HP: 236/236 MP: 31/31
 56737 | Depths:2 | Found a corrupted altar of Lugonu.
 56750 | Depths:2 | Found a one-way gate to the infinite horrors of the Abyss.
 56897 | Depths:2 | Found Yxisialuku's Gadget Shoppe.
 56897 | Depths:2 | Found Meiteigho's Jewellery Shop.
 56901 | Depths:2 | Found Jeesm's Jewellery Shop.
 56909 | Depths:2 | Received a gift from Trog
 56922 | Depths:2 | Bought the ring of Zasearis {rN+ MR+ Stlth+} for 566 gold
                  | pieces
 56935 | Depths:2 | Bought the ring "Jotuwk" {Wiz rElec rC++ Str+3 Stlth-} for
                  | 1062 gold pieces
 57295 | Depths:2 | Received a gift from Trog
 57646 | Depths:3 | Noticed a juggernaut
 57666 | Depths:3 | Killed a juggernaut
 57692 | Depths:3 | Received a gift from Trog
 57719 | Depths:3 | Found a hide-covered altar of Uskayaw.
 57835 | Depths:3 | Received a gift from Trog
 57841 | Depths:3 | Noticed a caustic shrike
 57846 | Depths:3 | Identified the +10 great mace "Ymmianawn" {crush, *Drain
                  | +Blink +Inv rPois}
 57863 | Depths:3 | Killed a caustic shrike
 58380 | Depths:3 | Gained mutation: You regenerate a lot of health from kills.
                  | [demonic ancestry]
 58380 | Depths:3 | Reached XP level 23. HP: 233/247 MP: 32/32
 58673 | Depths:3 | Received a gift from Trog
 59011 | Depths:3 | Paralysed by a sphinx for 7 turns
 59259 | Depths:4 | Noticed an ancient lich
 59284 | Depths:4 | Killed an ancient lich
 59284 | Depths:4 | Reached skill level 24 in Axes
 59498 | Depths:4 | Found a shattered altar of Ashenzari.
 59565 | Depths:4 | Found a magical portal.
 59570 | WizLab   | Entered The Hall of the Hellbinder
 59722 | WizLab   | Received a gift from Trog
 59734 | WizLab   | Identified the Incunabulum of Calling
 59869 | WizLab   | Found a burning altar of Makhleb.
 59908 | WizLab   | Identified the ring of Ytets {+Inv +Fly rF+ MP+9} (You
                  | found it in a wizard's laboratory)
 59980 | WizLab   | Identified Riamu's Catalogue of Companions
 60604 | Depths:4 | Reached skill level 15 in Shields
 61203 | Depths:5 | Entered Level 5 of the Depths
 61222 | Depths:5 | Received a gift from Trog
 61604 | Depths:5 | Reached XP level 24. HP: 261/261 MP: 32/32
 61641 | Depths:5 | Found a gateway to a ziggurat.
 61694 | Depths:5 | Noticed a juggernaut
 61800 | Depths:5 | Killed a juggernaut
 61960 | Depths:5 | Received a gift from Trog
 62005 | Depths:5 | Identified Okysuall's Disquisition on Snow
 62072 | Depths:5 | Found a gate to the Realm of Zot.
 62396 | Depths:5 | Identified the +6 demon blade of the Hummingbird {elec, MR+
                  | Int+3} (You found it on level 5 of the Depths)
 63341 | Elf:3    | Received a gift from Trog
 63487 | Elf:3    | Reached skill level 25 in Axes
 63620 | Elf:3    | Received a gift from Trog
 63857 | Elf:3    | Reached skill level 15 in Armour
 64151 | Elf:3    | Identified the +5 scale mail "Ciovokorau" {MR+ Int+4} (You
                  | found it on level 3 of the Elven Halls)
 64175 | Elf:3    | Identified the ring of Uckockua {*Slow +Fly rN++ MR+++
                  | Int-3} (You found it on level 3 of the Elven Halls)
 64947 | Crypt:1  | Entered Level 1 of the Crypt
 65080 | Crypt:1  | Noticed Aizul
 65095 | Crypt:1  | Killed Aizul
 65095 | Crypt:1  | Received a gift from Trog
 65281 | Crypt:1  | Noticed Boris
 65282 | Crypt:1  | Noticed Frederick
 65304 | Crypt:1  | Killed Frederick
 65308 | Crypt:1  | Killed Boris
 65506 | Crypt:1  | Reached XP level 25. HP: 236/273 MP: 32/32
 66362 | Crypt:3  | Entered Level 3 of the Crypt
 66455 | Crypt:3  | Received a gift from Trog
 66548 | Crypt:3  | Noticed Mara
 66583 | Crypt:3  | Killed Mara
 66819 | Crypt:3  | Found a staircase to the Tomb.
 67314 | Crypt:3  | Got a heavily runed tin ring
 67314 | Crypt:3  | Got a vibrating ivory ring
 67339 | Crypt:3  | Identified the ring of the Distant Future {rN+ Stlth+} (You
                  | found it on level 3 of the Crypt)
 67340 | Crypt:3  | Identified the ring of Duosec {rPois rN+} (You found it on
                  | level 3 of the Crypt)
 67428 | Crypt:3  | Received a gift from Trog
 67457 | Crypt:3  | Found a basalt altar of Yredelemnul.
 67795 | Crypt:3  | Identified the cursed +1 great mace of the Dungeon {holy,
                  | *Corrode Dex+6} (You found it on level 3 of the Crypt)
 67797 | Crypt:3  | Identified the Incunabulum of Evil Rites
 69247 | Orc:2    | Bought spiked storm dragon scales for 2720 gold pieces
 69247 | Orc:2    | Identified the cursed +1 storm dragon scales "Kovvas"
                  | {rElec Regen+ Str+4 Slay+3} (You bought it in a shop on
                  | level 2 of the Orcish Mines)
 69652 | Vaults:5 | Entered Level 5 of the Vaults
 69739 | Vaults:5 | Identified the cursed +0 chain mail "Vyjir" {*Corrode rPois
                  | rF+ rN++}
 69739 | Vaults:5 | Identified the ring "Uqanlass" {+Fly rF- rC+ Str+3}
 69740 | Vaults:5 | Received a gift from Trog
 69740 | Vaults:5 | Reached skill level 26 in Axes
 70048 | Vaults:5 | Gained mutation: You are mostly covered in sharp spines.
                  | [demonic ancestry]
 70048 | Vaults:5 | Reached XP level 26. HP: 277/284 MP: 32/32
 70153 | Vaults:5 | Received a gift from Trog
 70163 | Vaults:5 | Identified the +3 leather armour "Mith" {rPois MR+}
 70163 | Vaults:5 | Identified the ring of Adujaled {Fire rPois rN++ Str+2
                  | Slay-4}
 70164 | Vaults:5 | Noticed an ancient lich
 70194 | Vaults:5 | Killed an ancient lich
 70301 | Vaults:5 | Identified the +6 trident of Butchery {elec, +Inv rC+
                  | Dex-2}
 70305 | Vaults:5 | Identified the ring of Ashenzari's Pride {*Contam rC+ rN+
                  | rCorr SInv}
 70344 | Vaults:5 | Identified the +6 great mace "Wus Ash" {crush, rC+}
 70400 | Vaults:5 | Received a gift from Trog
 70401 | Vaults:5 | Identified a ring of the Octopus King {Wiz AC+1 EV+1 Str+1
                  | Int+1 Dex+1}
 70482 | Vaults:5 | Got a silver rune of Zot
 70579 | Vaults:5 | Identified the +6 long sword of Incongruity {flame, rC+}
 71676 | D:5      | Fell from the grace of Trog
 71676 | D:5      | Became a worshipper of Makhleb the Destroyer
 72085 | Zig:1    | Entered Level 1 of a ziggurat
 72227 | Zig:2    | Entered Level 2 of a ziggurat
 72232 | Zig:2    | Reached skill level 1 in Invocations
 72252 | Zig:3    | Entered Level 3 of a ziggurat
 72254 | Zig:3    | Noticed a greater mummy
 72270 | Zig:3    | Killed a greater mummy
 72727 | Zig:4    | Entered Level 4 of a ziggurat
 72795 | Zig:5    | Entered Level 5 of a ziggurat
 72881 | Zig:6    | Entered Level 6 of a ziggurat
 72886 | Zig:6    | Noticed an ancient lich
 72893 | Zig:6    | Reached * piety under Makhleb
 72894 | Zig:6    | Reached skill level 27 in Axes
 72896 | Zig:6    | Reached skill level 5 in Dodging
 72904 | Zig:6    | Killed an ancient lich
 72904 | Zig:6    | Gained mutation: You are completely covered in sharp
                  | spines. [demonic ancestry]
 72904 | Zig:6    | Reached XP level 27. HP: 129/296 MP: 19/32
 72921 | Zig:6    | Identified the amulet of Ecka {rF++ rN+ Regen+ Stlth+} (You
                  | found it on level 6 of a ziggurat)
 72924 | Zig:6    | Identified Qaricvia's Catalogue of Warped Flight
 73069 | Zig:7    | Entered Level 7 of a ziggurat
 73242 | Zig:8    | Entered Level 8 of a ziggurat
 73343 | Zig:8    | Got an ancient glass ring
 73343 | Zig:8    | Paralysed by Trog for 2 turns
 73345 | Zig:8    | Identified the ring "Imateom" {rN++ AC+3 Stlth+} (You found
                  | it on level 8 of a ziggurat)
 73418 | Zig:9    | Entered Level 9 of a ziggurat
 73456 | Zig:9    | Reached ** piety under Makhleb
 73456 | Zig:9    | Reached skill level 5 in Invocations
 73494 | Zig:10   | Entered Level 10 of a ziggurat
 73502 | Zig:10   | Noticed a greater mummy
 73511 | Zig:10   | Noticed a greater mummy
 73520 | Zig:10   | Killed a greater mummy
 73522 | Zig:10   | Killed a greater mummy
 73664 | Zig:11   | Entered Level 11 of a ziggurat
 73701 | Zig:11   | Reached *** piety under Makhleb
 73836 | Zig:12   | Entered Level 12 of a ziggurat
 73866 | Zig:12   | HP: 11/299 [iron giant/+0 giant spiked club (17)]
 73866 | Zig:12   | Annihilated by a reaper

Levels and vault maps discovered:
D:1:      dpeg_arrival_shrine, layout_basic
D:2:      layout_basic, minmay_small_reverse_x
D:3:      layout_rooms, serial_forest, infiniplex_forest_lined_room_3,
          infiniplex_forest_straight_3, infiniplex_forest_lined_3,
          infiniplex_forest_clump_double, infiniplex_forest_side_room,
          infiniplex_forest_end_3, infiniplex_forest_end_double,
          minmay_misc_feat_plants, kennysheep_generic_room_8
D:4:      kb_forest_paths, layout_basic
D:5:      layout_basic, minmay_temple_entry_overgrown, first_ration,
          makhleb_blood_cavern_becter
D:6:      layout_rooms, lemuel_round_altar, nicolae_ossuary_entry_monument,
          minmay_strange_pillars, kennysheep_cluttered_room,
          minmay_starry_boxes, uniq_edmund, uniq_duvessa, uniq_pikel
D:7:      layout_rooms, serial_shops, kennysheep_mini, basic_altar,
          uniq_crazy_yiuf_cottage
D:8:      layout_basic, erik_lair_orcish_takeover
D:9:      layout_long_grid
D:10:     layout_stronghold, hangedman_stone_soup
D:11:     layout_layer_cave, erik_orc_1, serial_shops, shop
D:12:     layout_loops_ring, david_defended_altar_elf, uniq_nessos
D:13:     layout_basic, david_vaults_4, uniq_josephine
D:14:     layout_basic, serial_shops, shop, nicolae_dithmenos_shadow_blocks,
          uniq_rupert
D:15:     grunt_enter_depths_snipers, layout_grid_maze, minmay_misc_feat_iff
Temple:   nicolae_temple_the_god_donut
Lair:1:   layout_regular_city, minivault_25, beast_lair_carwin_7,
          uniq_gastronok, uniq_harold, uniq_urug
Lair:2:   layout_misc_corridors
Lair:3:   layout_regular_city, minmay_snake_entry_guardpost_small,
          serial_bayou_shore_a, uniq_snorg
Lair:4:   layout_layer_cave, shoals_dummy_entry, hellmonk_ghost_happy_afterlife,
          minmay_another_anthill, grunt_megastairs_3
Lair:5:   layout_misc_corridors, slime_altar_1, basic_altar,
          chequers_serial_rivers_large_a, roderic_batcave, lemuel_fruit_tree,
          infiniplex_staircase_pool, grunt_megastairs_2
Lair:6:   gammafunk_lair_ancient_temple, layout_regular_city, st_stairs_3,
          lemuel_fruit_fields
Shoals:1: layout_shoals
Shoals:2: layout_shoals, uniq_ilsuiw
Shoals:3: layout_shoals
Shoals:4: shoals_end_simple, layout_shoals
Snake:1:  layout_gridlike, ebering_ghost_gozag, serial_bayou,
          serial_bayou_pond_b, serial_bayou_pond_d, serial_bayou_pond_b,
          serial_bayou_pond_e, nicolae_snake_single_loop, uniq_jorgrun
Snake:2:  layout_layer_cave
Snake:3:  layout_cave_pods, uniq_kirke, uniq_asterion
Snake:4:  snake_pit, layout_cave_town, nicolae_snake_springs, uniq_saint_roka
Orc:1:    layout_caves, uniq_erolcha
Orc:2:    st_orc_mages, layout_diamond_mine, serial_shops,
          nicolae_shop_behind_doors
Elf:1:    elf_arrival_001, layout_loops_cross, serial_shops,
          nicolae_shop_temple_entry_statues_fountains, hangedman_elf_represent,
          minivault_28
Elf:2:    layout_onion_city, basic_altar
Elf:3:    minmay_elf_hall_circle, layout_geoelf_castle, dk_noncrumbling_2
Vaults:1: nicolae_vaults_little_squares_4, nicolae_vaults_sealed_display,
          v_rooms_5, hangedman_vaults_snaps, v_misc_27, hangedman_vaults_corner,
          nicolae_vaults_little_squares_4, hangedman_vaults_stagger,
          vaults_dpeg_ring, v_alt_pattern_1, nicolae_vaults_holding_cells,
          vaults_room_door_ring, layout_vaults_maze
Vaults:2: minmay_crypt_entry_necro_gods, nicolae_vaults_c_with_doors, v_misc_23,
          vaults_room_hallway, v_pattern_2, v_misc_14, nicolae_vaults_asterisk,
          vaults_room_stairs_pillars, v_misc_1, nicolae_vaults_shelves_hall,
          layout_vaults_omnigrid
Vaults:3: serial_ice_b, vaults_room_guarded_vault, hangedman_vaults_stream,
          nicolae_vaults_three_branches, vaults_room_boxed,
          hangedman_vaults_trim, ontoclasm_vaults_ring_small, vaults_room_fours,
          v_alt_pattern_4, vaults_mumra_hexcomb, v_misc_25,
          ontoclasm_vaults_misaligned, nicolae_vaults_shelves_hall,
          ontoclasm_vaults_pinch, layout_vaults_omnicross, basic_altar,
          uniq_margery, uniq_jory
Vaults:4: nicolae_vaults_specimen_jars, nicolae_vaults_shelves_hall, v_misc_14,
          v_rooms_2, v_misc_30, vaults_dpeg_hooks,
          ontoclasm_vaults_claustrophobia, nicolae_vaults_display_case,
          hangedman_vaults_maws, grunt_vaults_funnel, layout_vaults_ring,
          serial_shops, shop, uniq_bai_suzhen
Vaults:5: serial_shops
Crypt:1:  layout_gridlike, ebering_dispersal_statue_hall, uniq_aizul,
          uniq_frederick, uniq_boris
Crypt:2:  layout_rooms
Crypt:3:  evilmike_haunted_forest, uniq_mara
Depths:1: kennysheep_blocky_hall, layout_basic, minmay_misc_feat_x,
          rand_demon_pan_entry_4, hell_entry, nicolae_trove_entry_diagonal,
          minmay_hedge_maze, hangedman_eye_storm
Depths:2: due_chaos_kobolds, layout_cave_shapes, serial_bayou_shore_b,
          lightli_too_deep, infiniplex_staircase_spiral, grunt_megastairs_5,
          minmay_shop_grove
Depths:3: minmay_the_grid_square_5x5_5x5 [minmay_the_grid_square_5x5_inner_i,
          minmay_the_grid_square_5x5_broken_cross,
          minmay_the_grid_square_5x5_empty, minmay_the_grid_square_5x5_fat_x,
          minmay_the_grid_square_5x5_c,
          minmay_the_grid_square_5x5_fancy_junction,
          minmay_the_grid_square_5x5_prize_pseudospiral,
          minmay_the_grid_square_5x5_beaten_path,
          minmay_the_grid_square_5x5_prize_itemx,
          minmay_the_grid_square_5x5_almost_minimal,
          minmay_the_grid_square_5x5_tie, minmay_the_grid_square_5x5_minibox,
          minmay_the_grid_square_5x5_prize_deathbox,
          minmay_the_grid_square_5x5_inset,
          minmay_the_grid_square_5x5_inverted_slash,
          minmay_the_grid_square_5x5_z,
          minmay_the_grid_square_5x5_prize_monsterx,
          minmay_the_grid_square_5x5_detours,
          minmay_the_grid_square_5x5_prize_junk,
          minmay_the_grid_square_5x5_eight, minmay_the_grid_square_5x5_moneybag,
          minmay_the_grid_square_5x5_minivault,
          minmay_the_grid_square_5x5_longway,
          minmay_the_grid_square_5x5_n_small,
          minmay_the_grid_square_5x5_shrine1], layout_small_grid, hell_entry,
          rand_demon_pan_entry_7, grunt_ministairs_11,
          infiniplex_staircase_river
Depths:4: kennysheep_funnel, layout_honeycomb, mu_enter_wizlab_1,
          pf_coc_iceberg, abyss_entry, hangedman_abyss_or_decor_passed,
          evilmike_ruin_ashenzari, minmay_staircase_windowed_small,
          roderic_lattice_octagonal_star
Depths:5: grunt_x_marks_the_spot, layout_cave_pools, enter_ziggurat_b,
          hellmouth_1, abyss_entry, minmay_misc_feat_square,
          hangedman_research_thermodynamics
Zig:12

Skill      XL: |  1  2  3  4  5  6  7  8  9 10 11 12 13 14 15 16 17 18 19 20 21 22 23 24 25 26 27 |
---------------+----------------------------------------------------------------------------------+-----
Dodging        | 2 3 4 5 |  5.5
Fighting       | 3 4 5 6 7 8 9 10 11 12 13 14 15 16 17 18 19 20 21 | 21.6
Armour         | 1 2 3 4 5 6 7 8 9 10 11 12 13 14 15 16 | 16.1
Axes           | 2 3 4 6 8 10 11 13 14 16 17 18 19 20 21 22 23 24 25 26 27 | 27.0
Evocations     | 1 3 4 6 7 8 10 11 12 13 | 13.4
Throwing       | 4 5 6 |  6.6
Shields        | 2 4 5 7 9 10 11 12 14 15 16 17 18 | 18.7
Invocations    | 3 9 |  9.5
Maces & Flails | |  0.7
Stealth        | |  0.8

Action                   |  1- 3 |  4- 6 |  7- 9 | 10-12 | 13-15 | 16-18 | 19-21 | 22-24 | 25-27 || total
-------------------------+-------+-------+-------+-------+-------+-------+-------+-------+-------++-------
Melee: Short sword       |   194 |    14 |       |       |       |       |       |       |       ||   208
       Bite              |     5 |    67 |    40 |    71 |   180 |   233 |   293 |   337 |   296 ||  1522
       Hand axe          |       |   529 |    48 |       |       |       |       |       |       ||   577
       War axe           |       |       |   346 |   502 |   807 |       |       |       |       ||  1655
       Whip              |       |       |       |    16 |       |       |       |       |       ||    16
       Executioner's axe |       |       |       |    48 |   187 |       |       |       |       ||   235
       Broad axe         |       |       |       |       |   373 |  1613 |  1743 |  1899 |  1534 ||  7162
Throw: Javelin           |     3 |    14 |     2 |     3 |     9 |     6 |     6 |     6 |       ||    49
       Throwing net      |       |     1 |       |       |       |       |       |       |       ||     1
       Boomerang         |       |       |     8 |    15 |    85 |    85 |       |       |       ||   193
Invok: Berserk           |       |       |     1 |     4 |     7 |     2 |     2 |       |       ||    16
       Trog's Hand       |       |       |     1 |     1 |     6 |    10 |    15 |    11 |       ||    44
 Abil: Evoke Invisibilit |       |       |       |       |       |       |     1 |       |       ||     1
Evoke: Wand              |       |       |    11 |    22 |    54 |    53 |    13 |     9 |    12 ||   174
       Lamp of fire      |       |       |       |     1 |     2 |     2 |     2 |       |     2 ||     9
       Box of beasts     |       |       |       |       |     1 |       |       |       |       ||     1
       Sack of spiders   |       |       |       |       |       |       |       |       |     1 ||     1
  Use: Potion            |     5 |       |       |     2 |     8 |     2 |     2 |     1 |    13 ||    33
       Scroll            |       |     6 |     3 |    11 |    15 |    11 |    16 |    13 |    22 ||    97
 Stab: Held in net/web   |       |     1 |       |       |       |       |       |       |       ||     1
       Paralysed         |       |       |       |    14 |     2 |       |       |       |       ||    16
       Distracted        |       |       |       |     1 |       |     1 |       |       |     3 ||     5
       Invisible         |       |       |       |       |     1 |       |     5 |       |       ||     6
       Sleeping          |       |       |       |       |       |     1 |     1 |       |       ||     2
       Confused          |       |       |       |       |       |       |       |       |     2 ||     2
  Eat: Chunk             |     3 |    10 |    16 |    33 |    56 |    34 |    34 |    32 |    13 ||   231
       Ration            |       |       |       |       |     1 |     4 |     2 |     1 |     4 ||    12
Armor: Plate armour      |   212 |   400 |   327 |   226 |       |   455 |   700 |   831 |   224 ||  3375
       Leather armour    |     1 |       |       |       |       |       |       |       |       ||     1
       Skin              |       |       |       |    34 |       |       |       |       |       ||    34
       Chain mail        |       |       |       |   116 |   711 |   350 |       |       |       ||  1177
       Storm dragon scal |       |       |       |       |       |       |       |       |   551 ||   551
Dodge: Dodged            |    42 |    99 |   103 |   166 |   446 |   347 |   255 |   390 |   409 ||  2257
Block: Buckler           |       |       |       |       |   137 |   173 |       |       |       ||   310
       Large shield      |       |       |       |       |       |   259 |   779 |  1697 |  1635 ||  4370
       Shield            |       |       |       |       |       |   367 |   326 |       |       ||   693

Table legend:
 A = Non-vault XP
 B = Vault XP
 C = Vault XP percentage of total XP
 D = Non-vault monster count
 E = Vault monster count
 F = Vault count percentage of total count
                 A         B        C        D         E       F
            +---------+---------+-------+---------+---------+-------
      Total |  825288 |  739529 |  47.3 |    1707 |     962 |  36.0
            +---------+---------+-------+---------+---------+-------
        D:1 |      29 |       0 |   0.0 |      18 |       0 |   0.0
        D:2 |      85 |      10 |  10.5 |      21 |       3 |  12.5
        D:3 |     190 |       3 |   1.6 |      30 |       1 |   3.2
        D:4 |     417 |      43 |   9.3 |      17 |       3 |  15.0
        D:5 |     389 |     728 |  65.2 |      12 |       3 |  20.0
        D:6 |     279 |     372 |  57.1 |      19 |       5 |  20.8
        D:7 |    1101 |      40 |   3.5 |      22 |       1 |   4.3
        D:8 |     691 |     537 |  43.7 |       9 |       6 |  40.0
        D:9 |    1479 |       0 |   0.0 |      30 |       0 |   0.0
       D:10 |    2176 |     986 |  31.2 |      19 |       4 |  17.4
       D:11 |    7321 |     573 |   7.3 |      66 |      17 |  20.5
       D:12 |    5696 |    1483 |  20.7 |      29 |       2 |   6.5
       D:13 |    6432 |    5653 |  46.8 |      33 |      10 |  23.3
       D:14 |   10862 |    2172 |  16.7 |      39 |       1 |   2.5
       D:15 |   24820 |    3290 |  11.7 |      50 |       3 |   5.7
     Lair:1 |    2957 |    5315 |  64.3 |      17 |      10 |  37.0
     Lair:2 |    4094 |       0 |   0.0 |      19 |       0 |   0.0
     Lair:3 |    2720 |    1578 |  36.7 |      13 |       4 |  23.5
     Lair:4 |    5110 |    6322 |  55.3 |      24 |      34 |  58.6
     Lair:5 |    7670 |    1470 |  16.1 |      25 |      14 |  35.9
     Lair:6 |     961 |   10293 |  91.5 |       6 |      26 |  81.2
   Shoals:1 |   12423 |       0 |   0.0 |      31 |       0 |   0.0
   Shoals:2 |   15743 |    5073 |  24.4 |      35 |       6 |  14.6
   Shoals:3 |   15991 |       0 |   0.0 |      35 |       0 |   0.0
   Shoals:4 |   17819 |   18259 |  50.6 |      41 |      30 |  42.3
    Snake:1 |   11258 |   11063 |  49.6 |      28 |      15 |  34.9
    Snake:2 |   28111 |       0 |   0.0 |      49 |       0 |   0.0
    Snake:3 |   19820 |   11830 |  37.4 |      35 |      20 |  36.4
    Snake:4 |   24719 |   35370 |  58.9 |      55 |      66 |  54.5
      Orc:1 |    1643 |     836 |  33.7 |      47 |       1 |   2.1
      Orc:2 |    5209 |    5904 |  53.1 |      49 |      41 |  45.6
      Elf:1 |   20683 |   14912 |  41.9 |      38 |      25 |  39.7
      Elf:2 |   15517 |   23414 |  60.1 |      25 |      31 |  55.4
      Elf:3 |   19633 |   47168 |  70.6 |      34 |      30 |  46.9
   Vaults:1 |    6336 |   23673 |  78.9 |      13 |      35 |  72.9
   Vaults:2 |   42622 |   18052 |  29.8 |      69 |      21 |  23.3
   Vaults:3 |   43686 |   51602 |  54.2 |      57 |      58 |  50.4
   Vaults:4 |   22325 |   20953 |  48.4 |      31 |      18 |  36.7
   Vaults:5 |   45897 |  158191 |  77.5 |      64 |      99 |  60.7
    Crypt:1 |   17170 |   12310 |  41.8 |      28 |       3 |   9.7
    Crypt:2 |   33970 |       0 |   0.0 |      47 |       0 |   0.0
    Crypt:3 |       0 |   77456 | 100.0 |       0 |     107 | 100.0
   Depths:1 |   16573 |   10259 |  38.2 |      20 |      21 |  51.2
   Depths:2 |   55169 |    9371 |  14.5 |      74 |      16 |  17.8
   Depths:3 |   40688 |   69456 |  63.1 |      37 |      60 |  61.9
   Depths:4 |   56507 |   21174 |  27.3 |      58 |       8 |  12.1
   Depths:5 |   36814 |   21935 |  37.3 |      34 |      28 |  45.2
    Abyss:2 |    4095 |       0 |   0.0 |      14 |       0 |   0.0
    Abyss:4 |    8523 |    5052 |  37.2 |      18 |      15 |  45.5
      Zig:1 |    1725 |       0 |   0.0 |       1 |       0 |   0.0
      Zig:2 |    1144 |       0 |   0.0 |       5 |       0 |   0.0
      Zig:3 |    8150 |       0 |   0.0 |       4 |       0 |   0.0
      Zig:4 |    4068 |       0 |   0.0 |       9 |       0 |   0.0
      Zig:5 |    5801 |       0 |   0.0 |       8 |       0 |   0.0
      Zig:6 |   14655 |       0 |   0.0 |       6 |       0 |   0.0
      Zig:7 |    7119 |       0 |   0.0 |      10 |       0 |   0.0
      Zig:8 |   11093 |       0 |   0.0 |      13 |       0 |   0.0
      Zig:9 |    6098 |       0 |   0.0 |      15 |       0 |   0.0
     Zig:10 |   21453 |       0 |   0.0 |      20 |       0 |   0.0
     Zig:11 |   12983 |       0 |   0.0 |      25 |       0 |   0.0
     Zig:12 |    6576 |       0 |   0.0 |       7 |       0 |   0.0
    Ossuary |       0 |     260 | 100.0 |       0 |      27 | 100.0
     WizLab |       0 |   25088 | 100.0 |       0 |      34 | 100.0
            +---------+---------+-------+---------+---------+-------
